 Dungeon Crawl Stone Soup version 0.31.0-9-g3a7656b989 (webtiles) character file.

Game seed: 47822690709584876

600 qw the Skirmisher (level 7, -4/40 HPs)
             Began as a Deep Elf Hunter on Feb 2, 2024.
             Slain by a gnoll
             ... wielding a +0 spear
             ... led by a gnoll bouda
              (5 damage)
             ... on level 5 of the Dungeon.
             The game lasted 00:00:16 (3848 turns).

qw the Skirmisher (Deep Elf Hunter)                 Turns: 3848, Time: 00:00:16

Health: -4/40      AC:  8    Str: 10    XL:     7   Next: 18%
Magic:  9/9        EV:  9    Int: 14    God:
Gold:   221        SH:  0    Dex: 18    Spells: 6/6 levels left

rFire   . . .        c - +0 orcbow
rCold   . . .        (shield currently unavailable)
rNeg    . . .        d - +1 scale mail of the Pit {Stlth+}
rPois   +            (no helmet)
rElec   .            i - +0 cloak
rCorr   .            (no gloves)
SInv    .            (no boots)
Will    .....        (no amulet)
Stlth   ++           g - ring of poison resistance
HPRegen 0.26/turn    (no ring)
MPRegen 0.11/turn

%: no passive effects
@: about to teleport, marked, weakened
A: no striking features
a: no special abilities


You were on level 5 of the Dungeon.
You visited 2 branches of the dungeon, and saw 6 of its levels.

You collected 221 gold pieces.


   Skills:
 - Level 2.2 Fighting
 + Level 10.5 Ranged Weapons
 - Level 2.0 Armour
 - Level 2.4 Dodging
 - Level 1.2 Stealth


You had 6 spell levels left.
You didn't know any spells.
Your spell library was empty.

Inventory:

Hand Weapons
 c - a +0 orcbow (weapon)
Armour
 d - the +1 scale mail of the Pit (worn) {Stlth+}
   (You found it on level 2 of the Dungeon)

   Stlth+:    It makes you more stealthy.
 i - a +0 cloak (worn)
Jewellery
 g - a ring of poison resistance (left hand)
 h - a ring of fire
Wands
 f - a wand of mindburst (8)
 m - a wand of polymorph (12)
Potions
 b - a potion of haste
 e - a potion of cancellation
 k - a potion of might {unknown}
 l - a potion of mutation

Dungeon Overview and Level Annotations

Branches:
Dungeon (5/15)             Temple (1/1) D:4

Altars:
Ashenzari
Dithmenos
Elyvilon
Fedhas
Gozag
Hepliaklqana
Kikubaaqudgha
Makhleb
Nemelex Xobeh
Qazlal
Ru
Sif Muna
Vehumet
Wu Jian
Yredelemnul

Shops:
D:4 [


Message History

The hound barely misses you.
3841 ||| RETREEEEATING.
The hound attacks as it pursues you! The hound bites you.
An orc comes into view. It is wielding a +0 short sword.
The orc throws a stone.
The stone hits you but does no damage. The orc wizard casts a spell at you.
You easily resist.
Enter note:
Enter note:
Enter note:
3842 ||| RETREEEEATING.
The orc throws a stone.
The stone misses you.
Enter note:
Enter note:
Enter note:
3843 ||| RETREEEEATING.
The hound attacks as it pursues you! The hound bites you. x2
3844 ||| RETREEEEATING.
The orc wizard mumbles some strange words.
The orc wizard flickers and vanishes!
Deactivating autopickup; reactivate with Ctrl-A.
You shoot an arrow. The arrow hits the hound!
The hound is heavily wounded.
The hound bites you but does no damage. The hound bites you.
You shoot an arrow. The arrow hits the hound!
You kill the hound!
The gnoll hits you but does no damage.
You shoot an arrow. The arrow hits the gnoll!
The gnoll is heavily wounded.
The gnoll hits you with a +0 whip.
The gnoll hits you from afar with a +0 spear.
The gnoll barely misses you. The gnoll hits you with a +0 whip.
3848 ||| READING scroll of teleportation.
As you read the scroll of teleportation, it crumbles to dust.
You feel strangely unstable.
The gnoll bouda gazes fiercely through you!
You feel your attacks grow feeble. The gnoll hits you with a +0 flail!
The gnoll hits you from afar with a +0 spear.
You die...

.+ #..............
.###+#.#.......#...##
..................... .# ..
..............#.....##.#...
...)........#....#...#.#...
...<.............+.........
..............#.##.o.......
................##oo.......
................@g.Yo......
...............g###g.......
.).............g..#.#......
..................#g#......
......#............g.......
..######........#..).).....
......).......#....).......
.............#.............
............##.......####..


You could see an ice beast, a gnoll bouda, 3 gnolls and 4 orcs.

Vanquished Creatures
  An ogre (D:5)
  A centaur (D:5)
  A phantom (D:5)
  A scorpion (D:5)
  An orc priest (D:5)
  2 hounds
  An iguana (D:4)
  An orc wizard (D:5)
  3 gnolls (D:2)
  5 adders
  A ribbon worm (D:3)
  2 dart slugs (D:2)
  8 orcs
  4 ball pythons
  6 bats
  9 endoplasms
  7 giant cockroaches
  6 goblins
  5 hobgoblins
  10 jackals (D:1)
  2 quokkas
  A frilled lizard (D:2)
  7 kobolds
  6 rats
91 creatures vanquished.

Notes
Turn   | Place    | Note
-------+----------+-------------------------------------------
     0 | D:1      | qw the Deep Elf Hunter began the quest for the Orb.
     0 | D:1      | Reached XP level 1. HP: 12/12 MP: 3/3
     0 | D:1      | 0 ||| qw: Version: 0.3-a-155-g5e7d8dd
     0 | D:1      | 0 ||| qw: Game counter: 1305
     0 | D:1      | 0 ||| qw: Melee chars always use a shield: true
     0 | D:1      | 0 ||| qw: God list: Okawaru
     0 | D:1      | 0 ||| qw: Allow faded altars: false
     0 | D:1      | 0 ||| qw: Do Orc after clearing Dungeon:15 true
     0 | D:1      | 0 ||| qw: Do second Lair branch before Depths: true
     0 | D:1      | 0 ||| qw: Lair rune preference: random
     0 | D:1      | 0 ||| qw: Goals: Normal
     0 | D:1      | 0 ||| PLANNING D:1-11
    41 | D:1      | Reached XP level 2. HP: 16/16 MP: 4/4
   115 | D:1      | Reached skill level 6 in Ranged Weapons
   824 | D:1      | Reached XP level 3. HP: 20/20 MP: 5/5
  1198 | D:1      | 1198 ||| UPGRADING to +0 ring mail.
  1208 | D:1      | 1208 ||| DROPPING +0 leather armour.
  1209 | D:1      | 1209 ||| UPGRADING to +0 cloak.
  1214 | D:1      | 1214 ||| UPGRADING to ring of poison resistance.
  1215 | D:1      | 1215 ||| READING 2 scrolls labelled OBOHEEC BIOGI.
  1215 | D:1      | 1215 ||| IDENTIFYING pink potion
  1216 | D:1      | 1216 ||| READING scroll of identify.
  1216 | D:1      | 1216 ||| IDENTIFYING scroll labelled JEL HOOKKIO
  1217 | D:1      | 1217 ||| READING scroll of brand weapon.
  1217 | D:1      | 1217 ||| BRANDING +0 shortbow.
  1218 | D:1      | 1218 ||| READING scroll labelled FEAHURIRELL.
  1219 | D:1      | 1219 ||| DROPPING scroll of butterflies.
  1326 | D:2      | Reached skill level 7 in Ranged Weapons
  1480 | D:2      | Identified the +1 scale mail of the Pit {Stlth+}
  1726 | D:2      | Reached XP level 4. HP: 23/25 MP: 6/6
  1894 | D:2      | 1894 ||| UPGRADING to +1 scale mail of the Pit {Stlth+}.
  1904 | D:2      | 1904 ||| DROPPING +0 ring mail.
  1905 | D:2      | 1905 ||| READING scroll of identify.
  1905 | D:2      | 1905 ||| IDENTIFYING murky silvery potion
  1906 | D:2      | 1906 ||| DRINKING 2 emerald potions.
  1907 | D:2      | 1907 ||| DROPPING potion of invisibility.
  1982 | D:3      | Reached skill level 8 in Ranged Weapons
  2476 | D:3      | 2476 ||| DROPPING amulet of magic regeneration.
  2477 | D:3      | 2477 ||| READING scroll of identify.
  2477 | D:3      | 2477 ||| IDENTIFYING sapphire potion
  2478 | D:3      | 2478 ||| READING 2 scrolls labelled VUOHEC GYRGHIO.
  2518 | D:4      | Found a staircase to the Ecumenical Temple.
  2519 | D:4      | 2519 ||| PLANNING TEMPLE
  2528 | Temple   | Entered the Ecumenical Temple
  2529 | Temple   | 2529 ||| PLANNING D:1-11
  2543 | D:4      | Reached XP level 5. HP: 29/29 MP: 7/7
  2584 | D:4      | HP: 6/29 [orc/+0 hand axe (4)]
  2585 | D:4      | 2585 ||| READING scroll of teleportation.
  2597 | D:4      | Reached skill level 9 in Ranged Weapons
  2898 | D:4      | Found a blossoming altar of Fedhas.
  2914 | D:4      | Found a shimmering blue altar of Sif Muna.
  3046 | D:4      | Found a sacrificial altar of Ru.
  3198 | D:4      | Found Zeitary's Antique Armour Shop.
  3435 | D:4      | 3435 ||| READING scroll of identify.
  3435 | D:4      | 3435 ||| IDENTIFYING white potion
  3436 | D:4      | 3436 ||| READING 2 scrolls labelled YTEIZINIETH.
  3437 | D:4      | 3437 ||| DROPPING scroll of amnesia.
  3455 | D:5      | Entered Level 5 of the Dungeon
  3464 | D:5      | Noticed an ogre
  3465 | D:5      | 3465 ||| DRINKING 2 potions of haste.
  3471 | D:5      | Killed an ogre
  3472 | D:5      | Reached XP level 6. HP: 34/34 MP: 8/8
  3498 | D:5      | HP: 8/35 [poisoned by a scorpion]
  3503 | D:5      | HP: 5/35 [poisoned by a scorpion]
  3664 | D:5      | 3664 ||| FLEEEEING.
  3665 | D:5      | 3665 ||| FLEEEEING.
  3666 | D:5      | 3666 ||| FLEEEEING.
  3667 | D:5      | 3667 ||| FLEEEEING.
  3668 | D:5      | 3668 ||| FLEEEEING.
  3669 | D:5      | 3669 ||| FLEEEEING.
  3670 | D:5      | 3670 ||| FLEEEEING.
  3671 | D:5      | 3671 ||| FLEEEEING.
  3672 | D:5      | 3672 ||| FLEEEEING.
  3673 | D:5      | 3673 ||| FLEEEEING.
  3674 | D:5      | 3674 ||| FLEEEEING.
  3675 | D:5      | 3675 ||| FLEEEEING.
  3677 | D:5      | 3677 ||| STAIRDANCE
  3699 | D:5      | 3699 ||| STAIRDANCE
  3701 | D:5      | 3701 ||| DRINKING potion of curing.
  3701 | D:5      | 3701 ||| (to cure confusion)
  3741 | D:5      | Reached skill level 10 in Ranged Weapons
  3756 | D:5      | Reached XP level 7. HP: 31/40 MP: 9/9
  3805 | D:5      | 3805 ||| SWAPPING to +0 orcbow.
  3806 | D:5      | 3806 ||| DROPPING +0 shortbow of freezing.
  3838 | D:5      | 3838 ||| RETREEEEATING.
  3839 | D:5      | 3839 ||| RETREEEEATING.
  3840 | D:5      | 3840 ||| RETREEEEATING.
  3841 | D:5      | 3841 ||| RETREEEEATING.
  3842 | D:5      | 3842 ||| RETREEEEATING.
  3843 | D:5      | 3843 ||| RETREEEEATING.
  3844 | D:5      | 3844 ||| RETREEEEATING.
  3847 | D:5      | HP: 9/40 [gnoll/+0 spear[a gnoll bouda] (6)]
  3848 | D:5      | 3848 ||| READING scroll of teleportation.
  3848 | D:5      | HP: 1/40 [gnoll/+0 flail[a gnoll bouda] (7)]
  3848 | D:5      | Slain by a gnoll

Levels and vault maps discovered:
D:1:      dpeg_arrival_tiny_h, layout_basic, chequers_serial_rivers_micro_d
D:2:      layout_loops_ring
D:3:      layout_basic
D:4:      layout_basic, mainiacjoe_overflow_surrounded_room,
          hangedman_ru_absence, overflow_temple_1_default,
          minmay_temple_entry_gardened_gates, serial_shops,
          kennysheep_mini_moat, chequers_serial_rivers_room_a
D:5:      layout_basic, overflow_temple_1_default
Temple:   nicolae_temple_x_marks_the_god

Skill      XL: |  1  2  3  4  5  6 |
---------------+-------------------+-----
Ranged Weapons | 6 7 8 9 10 | 10.5
Armour         | 2 |  2.0
Fighting       | 2 |  2.2
Dodging        | |  2.4
Stealth        | |  1.2

Action                     |  1- 3 |  4- 6 |  7- 9 || total
---------------------------+-------+-------+-------++-------
   Fire: Shortbow          |   109 |   158 |       ||   267
         Orcbow            |       |       |     7 ||     7
    Use: Scroll            |     4 |     6 |     1 ||    11
         Potion            |       |     3 |       ||     3
 Armour: Leather armour    |     8 |       |       ||     8
         Ring mail         |     9 |     2 |       ||    11
         Scale mail        |       |    55 |    18 ||    73
  Dodge: Dodged            |    23 |    30 |     5 ||    58

Table legend:
 A = Non-vault XP
 B = Vault XP
 C = Vault XP percentage of total XP
 D = Non-vault monster count
 E = Vault monster count
 F = Vault count percentage of total count
                 A         B        C        D         E       F
            +---------+---------+-------+---------+---------+-------
      Total |     858 |       0 |   0.0 |      91 |       0 |   0.0
            +---------+---------+-------+---------+---------+-------
        D:1 |      52 |       0 |   0.0 |      29 |       0 |   0.0
        D:2 |      78 |       0 |   0.0 |      22 |       0 |   0.0
        D:3 |      42 |       0 |   0.0 |      13 |       0 |   0.0
        D:4 |     141 |       0 |   0.0 |      17 |       0 |   0.0
        D:5 |     545 |       0 |   0.0 |      10 |       0 |   0.0
            +---------+---------+-------+---------+---------+-------
